 Dungeon Crawl Stone Soup version 0.31-a0-700-gf13585253f (webtiles) character file.

Game seed: 12047186898430517463

157 qw the Shooter (level 5, 0/32 HPs)
             Began as a Gargoyle Hunter on Sept 7, 2023.
             Was an Initiate of Okawaru.
             Slain by Sigmund
             ... wielding a +1 scythe of venom
              (6 damage)
             ... on level 3 of the Dungeon.
             The game lasted 00:00:53 (1677 turns).

qw the Shooter (Gargoyle Hunter)                    Turns: 1677, Time: 00:00:54

Health: 0/32       AC: 11    Str: 15    XL:     5   Next: 38%
Magic:  5/5        EV: 11    Int:  9    God:    Okawaru [......]
Gold:   86         SH:  0    Dex: 15    Spells: 4/4 levels left

rFire   . . .        Y - +1 orcbow
rCold   . . .        (shield currently unavailable)
rNeg    + . .        e - +0 ring mail
rPois   inf          (no helmet)
rElec   +            f - +0 cloak
rCorr   .            (no gloves)
SInv    .            l - +0 pair of boots
Will    .....        (no amulet)
Stlth   +            (no ring)
HPRegen 0.25/turn    (no ring)
MPRegen 0.09/turn

%: no passive effects
@: no status effects
A: sickness immunity, AC +4, negative energy resistance 1, electricity
resistance, torment resistance 1, petrification resistance
a: Renounce Religion


You were on level 3 of the Dungeon.
You worshipped Okawaru.
Okawaru was noncommittal.
You visited 1 branch of the dungeon, and saw 3 of its levels.

You collected 86 gold pieces.


Innate Abilities, Weirdness & Mutations

You are immune to sickness and miasma.
Your stone body is resilient. (AC +4)
You are immune to poison.
You resist negative energy. (rN+)
You are resistant to electric shocks. (rElec)
You are resistant to unholy torment.
You are immune to petrification.


   Skills:
 + Level 3.1 Fighting
 - Level 6.0 Ranged Weapons
 - Level 1.0 Armour
 - Level 1.5 Dodging
 - Level 1.1 Stealth


You had 4 spell levels left.
You didn't know any spells.
Your spell library was empty.

Inventory:

Hand Weapons
 Y - a +1 orcbow (weapon)
Armour
 e - a +0 ring mail (worn)
 f - a +0 cloak (worn)
 l - a +0 pair of boots (worn)
Potions
 b - a potion of haste {unknown}
 c - a potion of brilliance {unknown}
 d - 2 potions of resistance
 g - a potion of might
 h - a potion of lignification {unknown}
 i - a potion of mutation {unknown}
 j - a potion of degeneration {unknown}
 k - a potion of enlightenment {unknown}
 m - a potion of ambrosia {unknown}
 n - a potion of attraction {unknown}

Dungeon Overview and Level Annotations

Branches:
Dungeon (3/15)

Altars:
Okawaru
Ru
Wu Jian

Annotations:
D:3 Sigmund


Message History

You are confused.
1661 ||| DRINKING potion of curing.
You feel better.
1661 ||| (to cure confusion) Sigmund hits you from afar with a +1 scythe of venom!
You shoot an arrow.
The arrow hits Sigmund but does no damage.
You shoot an arrow. The arrow closely misses Sigmund.
Sigmund hits you but does no damage.
You shoot an arrow. The arrow hits Sigmund.
Sigmund is lightly wounded.
Sigmund gestures wildly while chanting.
Sigmund flickers and vanishes!
Deactivating autopickup; reactivate with Ctrl-A.
You shoot an arrow. Something hits you but does no damage.
You shoot an arrow. Something hits you but does no damage.
You shoot an arrow. Something hits you but does no damage.
You shoot an arrow. Something barely misses you.
You shoot an arrow.
A magic dart appears from out of thin air!
The magic dart hits you!
You shoot an arrow. Something hits you.
You shoot an arrow. Something hits you but does no damage.
You shoot an arrow. Something hits you!
You shoot an arrow. Something barely misses you.
You shoot an arrow. Something hits you but does no damage.
You shoot an arrow. You shoot an arrow. Something hits you but does no damage.
You shoot an arrow. Something hits you.
You die...

#......##.#
###.####...##>
#.###.## #
#.##........
#.# #.#
#...........
#)###.#
####..###..#
#.....# #..#
###.###
####..###.#
#.#
#.........#
#.#
#.##.######
#.# #@#### #.#
#.....# ##.#
#..{......#
##..#
#..}.....}..#
#.#.#####
#....?8.(...#
%........
##._.###._.##
......... ####
#### ##.######
#.#


There were no monsters in sight!

Vanquished Creatures
  Terence (D:3)
  7 adders
  4 worms (D:2)
  A dart slug (D:2)
  An orc (D:3)
  4 bats
  9 endoplasms
  3 giant cockroaches
  4 goblins
  6 hobgoblins
  A quokka (D:3)
  A ball python (D:1)
  5 frilled lizards
  5 kobolds
  7 rats
59 creatures vanquished.

Notes
Turn   | Place    | Note
-------+----------+-------------------------------------------
     0 | D:1      | qw the Gargoyle Hunter began the quest for the Orb.
     0 | D:1      | Reached XP level 1. HP: 12/12 MP: 1/1
     0 | D:1      | 0 ||| qw: Version: 0.3-a-76-g4403597
     0 | D:1      | 0 ||| qw: Game counter: 455
     0 | D:1      | 0 ||| qw: Melee chars always use a shield: true
     0 | D:1      | 0 ||| qw: God list: Okawaru
     0 | D:1      | 0 ||| qw: Allow faded altars: false
     0 | D:1      | 0 ||| qw: Do Orc after clearing Dungeon:15 true
     0 | D:1      | 0 ||| qw: Do second Lair branch before Depths: true
     0 | D:1      | 0 ||| qw: Lair rune preference: random
     0 | D:1      | 0 ||| qw: Goals: Normal
     0 | D:1      | 0 ||| PLANNING D:1-11
    93 | D:1      | Found a faded altar of an unknown god.
   158 | D:1      | Reached XP level 2. HP: 17/17 MP: 2/2
   454 | D:1      | 454 ||| UPGRADING to +0 ring mail.
   464 | D:1      | 464 ||| DROPPING +0 leather armour.
   465 | D:1      | 465 ||| UPGRADING to +0 cloak.
   470 | D:1      | 470 ||| UPGRADING to +0 pair of boots.
   475 | D:1      | 475 ||| DROPPING ring of magical power.
   476 | D:1      | 476 ||| DRINKING 2 fizzy red potions.
   477 | D:1      | 477 ||| DROPPING scroll of butterflies.
   536 | D:2      | Reached skill level 1 in Armour
   536 | D:2      | Reached XP level 3. HP: 21/21 MP: 3/3
   560 | D:2      | Reached skill level 5 in Ranged Weapons
   664 | D:2      | Found an iron altar of Okawaru.
   665 | D:2      | 665 ||| PLANNING OKAWARU WORSHIP
   676 | D:2      | Reached skill level 3 in Fighting
   676 | D:2      | Reached XP level 4. HP: 28/28 MP: 4/4
   680 | D:2      | Became a worshipper of Warmaster Okawaru
   681 | D:2      | 681 ||| PLANNING D:1-11
   830 | D:2      | Identified the +0 fire dragon scales of the Black Moon
                  | {rElec rF++ rC- Regen+ Str+3}
  1010 | D:2      | 1010 ||| SWAPPING to +0 orcbow.
  1019 | D:2      | 1019 ||| DROPPING +0 shortbow.
  1208 | D:2      | 1208 ||| READING scroll labelled DARIEP QILA.
  1209 | D:2      | 1209 ||| READING scroll labelled BASTRA RUNNI.
  1210 | D:2      | 1210 ||| READING scroll labelled XUXESAROHI.
  1211 | D:2      | 1211 ||| READING scroll labelled OBUCKO UGRI.
  1216 | D:2      | 1216 ||| DRINKING 2 coppery potions.
  1246 | D:3      | Reached XP level 5. HP: 32/32 MP: 5/5
  1424 | D:3      | Noticed Terence
  1435 | D:3      | Killed Terence
  1436 | D:3      | Reached skill level 6 in Ranged Weapons
  1581 | D:3      | 1581 ||| READING scroll labelled HYWKAGG DOIMI.
  1582 | D:3      | 1582 ||| DRINKING 2 puce potions.
  1655 | D:3      | Found a sacrificial altar of Ru.
  1655 | D:3      | Found an ornate altar of the Wu Jian Council.
  1656 | D:3      | Noticed Sigmund
  1661 | D:3      | 1661 ||| DRINKING potion of curing.
  1661 | D:3      | 1661 ||| (to cure confusion)
  1672 | D:3      | HP: 5/32 [something (9)]
  1677 | D:3      | Slain by Sigmund

Levels and vault maps discovered:
D:1:      onia_arrival_handbag, layout_basic,
          hellmonk_ecumenical_altar_arch_garden, st_stairs_4
D:2:      layout_loops_ring, basic_altar, nicolae_underground_beach
D:3:      layout_loops_ring, gammafunk_temple_overflow_pools, serial_glass,
          glass_columns_b, glass_columns_a, item_on_display_a,
          item_on_display_a, feat_on_display, minmay_strange_pillars,
          uniq_sigmund, uniq_terence

Skill      XL: |  1  2  3  4  5 |
---------------+----------------+-----
Armour         | 1 |  1.0
Ranged Weapons | 5 6 |  6.0
Fighting       | 3 |  3.1
Dodging        | |  1.5
Stealth        | |  1.1

Action                     |  1- 3 |  4- 6 || total
---------------------------+-------+-------++-------
   Fire: Shortbow          |    89 |    44 ||   133
         Orcbow            |       |    89 ||    89
    Use: Potion            |     1 |     3 ||     4
         Scroll            |       |     5 ||     5
 Armour: Leather armour    |    12 |       ||    12
         Ring mail         |     9 |    51 ||    60
  Dodge: Dodged            |    12 |    48 ||    60

Table legend:
 A = Non-vault XP
 B = Vault XP
 C = Vault XP percentage of total XP
 D = Non-vault monster count
 E = Vault monster count
 F = Vault count percentage of total count
                 A         B        C        D         E       F
            +---------+---------+-------+---------+---------+-------
      Total |     184 |      41 |  18.2 |      51 |       8 |  13.6
            +---------+---------+-------+---------+---------+-------
        D:1 |      17 |       9 |  34.6 |      11 |       7 |  38.9
        D:2 |     110 |       0 |   0.0 |      28 |       0 |   0.0
        D:3 |      57 |      32 |  36.0 |      12 |       1 |   7.7
            +---------+---------+-------+---------+---------+-------
